 Dungeon Crawl Stone Soup version 0.21.1-1-g345015fe64 (webtiles) character file.

417 Henning the Chopper (level 6, 0/56 HPs)
             Began as a Minotaur Fighter on June 13, 2018.
             Succumbed to a kobold's poison
             ... on level 3 of the Dungeon.
             The game lasted 00:09:12 (2282 turns).

Henning the Chopper (Minotaur Fighter)              Turns: 2282, Time: 00:09:14

Health: 0/56       AC:  8    Str: 22    XL:     6   Next: 61%
Magic:  5/5        EV:  8    Int:  5    God:
Gold:   127        SH: 10    Dex: 10    Spells: 5/5 levels left

rFire    . . .     SeeInvis .   a - +0 war axe
rCold    . . .     Gourm    .   c - +0 shield
rNeg     . . .     Faith    .   b - +0 scale mail
rPois    .         Spirit   .   (helmet restricted)
rElec    .         Reflect  .   o - +0 cloak
rCorr    .         Harm     .   (no gloves)
MR       .....                  (no boots)
Stlth    ..........             (no amulet)
HPRegen  0.18/turn              (no ring)
MPRegen  0.09/turn              (no ring)

@: lethally poisoned (0 -> -15)
A: retaliatory headbutt, horns 2
a: no special abilities


You were on level 3 of the Dungeon.
You were not hungry.

You visited 1 branch of the dungeon, and saw 3 of its levels.

You collected 127 gold pieces.

Inventory:

Hand Weapons
 a - a +0 war axe (weapon)
Missiles
 l - 5 tomahawks (quivered)
Armour
 b - a +0 scale mail (worn)
 c - a +0 shield (worn)
 o - a +0 cloak (worn)
Jewellery
 m - an uncursed ring of ice {unknown}
Scrolls
 i - 2 scrolls of identify {unknown}
 j - 2 scrolls of fear {unknown}
Potions
 d - a potion of might
 e - 2 potions of magic {unknown}
 g - 2 potions of flight {unknown}
 h - 3 potions of invisibility {unknown}
 k - 3 potions of curing {unknown}
Comestibles
 f - 5 rations
 n - 17 chunks of flesh


   Skills:
 + Level 5.0 Fighting
 + Level 5.6 Axes
 + Level 5.0 Armour
 + Level 1.3 Dodging
 + Level 5.2 Shields


You had 5 spell levels left.
You didn't know any spells.

Dungeon Overview and Level Annotations

Branches:
Dungeon (3/15)

Altars:
Gozag
Qazlal
Wu Jian


Innate Abilities, Weirdness & Mutations

You reflexively headbutt those who attack you in melee.
You have a pair of horns on your head.


Message History

There is a large open door here.
You see here a club.
You feel sick.
You see here a club.
Things that are here:
an uncursed hunting sling; 31 stones You feel sick.
You see here a stone.
The kobold shoots a poisoned needle.
The poisoned needle hits you!
You are lethally poisoned!
Things that are here:
a poisoned needle; a stone; a sling bullet
* * * LOW HITPOINT WARNING * * *
You feel sick.
The kobold shoots a poisoned needle.
The poisoned needle hits you!
You are more poisoned.
You see here a poisoned needle.
* * * LOW HITPOINT WARNING * * *
You feel sick.
You die...

#########'K######################
≈≈≈≈≈..)().≈≈≈≈≈≈≈≈≈≈≈≈≈≈≈≈≈≈≈≈
≈≈≈≈≈≈.)..≈≈≈≈≈≈≈≈≈≈≈≈≈≈≈≈≈≈≈≈≈
≈≈≈≈≈....K≈≈≈≈≈≈≈≈≈≈≈≈≈≈≈≈≈≈≈≈≈
≈.≈≈≈≈...K≈.≈≈≈≈≈≈≈≈..≈≈≈≈≈.≈≈≈
.........))K...................
........()(.(K(................
###############..#####.####..##
.......@..#####..##...#
................>##.#.##
##......#.#####.....#...
#.##.###...###.######## # #.
...............# #.
#...###......... #
#...#........... #...#.#.........
#...#.#.........


There were no monsters in sight!

Vanquished Creatures
  3 big kobolds (D:3)
  Crazy Yiuf (D:2)
  4 gnolls (D:3)
  3 adders
  An ooze (D:1)
  A dart slug (D:1)
  3 leopard geckos
  7 bats
  A giant cockroach (D:2)
  30 goblins
  27 hobgoblins
  3 kobolds
  2 quokkas (D:2)
  4 ball pythons
  5 frilled lizards
  6 rats
101 creatures vanquished.

Notes
Turn   | Place    | Note
-------+----------+-------------------------------------------
     0 | D:1      | Henning the Minotaur Fighter began the quest for the Orb.
     0 | D:1      | Reached XP level 1. HP: 19/19 MP: 0/0
    93 | D:1      | Reached XP level 2. HP: 26/27 MP: 1/1
   131 | D:1      | Reached XP level 3. HP: 26/33 MP: 2/2
   239 | D:2      | Found an ornate altar of the Wu Jian Council.
  1081 | D:2      | Noticed an air elemental
  1083 | D:2      | Found a stormy altar of Qazlal.
  1085 | D:2      | Noticed a water elemental
  1085 | D:2      | Noticed a fire elemental
  1085 | D:2      | Noticed an earth elemental
  1379 | D:2      | Found a runed door.
  1383 | D:2      | Noticed Crazy Yiuf
  1387 | D:2      | Killed Crazy Yiuf
  1387 | D:2      | Reached XP level 4. HP: 41/41 MP: 3/3
  1554 | D:3      | Found an opulent altar of Gozag.
  1749 | D:3      | Reached XP level 5. HP: 37/47 MP: 4/4
  2201 | D:3      | Reached skill level 1 in Dodging
  2232 | D:3      | Reached skill level 5 in Axes
  2232 | D:3      | Reached skill level 5 in Shields
  2232 | D:3      | Reached XP level 6. HP: 20/55 MP: 5/5
  2240 | D:3      | Reached skill level 5 in Fighting
  2240 | D:3      | Reached skill level 5 in Armour
  2245 | D:3      | HP: 1/56 [big kobold/stone (3)]
  2280 | D:3      | HP: 2/56 [poisoned by a kobold]
  2282 | D:3      | Succumbed to a kobold's poison

Skill      XL: |  1  2  3  4  5  6 |
---------------+-------------------+-----
Fighting       | 4 5 |  5.0
Armour         | 4 5 |  5.0
Shields        | 4 5 |  5.2
Axes           | 3 4 5 |  5.6
Dodging        | 1 |  1.3

Action                   |  1- 3 |  4- 6 || total
-------------------------+-------+-------++-------
Melee: War axe           |    95 |   104 ||   199
       Headbutt          |    11 |    17 ||    28
  Eat: Chunk             |     2 |     3 ||     5
Armor: Scale mail        |    52 |    64 ||   116
Dodge: Dodged            |    24 |    42 ||    66
Block: Shield            |    44 |    90 ||   134
